Map: Dusk Towers

Players

ShoWTimE

  • Race: Protoss Protoss

SortOf - Winner!

  • Race: Zerg Zerg
  • League: Grandmaster

Event: DreamHack ROCCAT LotV Championship

VOD

Have the link to the VOD?

Description

Time

  • Played on: Nov. 26, 2015, 9:28 a.m.
  • Length: 16:06

All games in this series

Show
View Real Time Build Order
Export as new Build Order

ShoWTimE Protoss 

Build Orders: Nexus First 

Get SALT Encoding   

  12  0:00  Probe (Chrono Boost)  
  13  0:11  Probe (Chrono Boost)  
  14  0:17  Pylon  
  14  0:22  Probe (Chrono Boost)  
  16  0:36  Probe (Chrono Boost)  
  16  0:46  Probe (Chrono Boost)  
  17  0:59  Nexus  
  17  1:11  Gateway  
  17  1:13  Probe (Chrono Boost)  
  18  1:22  Assimilator  
  18  1:23  Probe (Chrono Boost)  
  19  1:28  Assimilator  
  19  1:34  Probe (Chrono Boost)  
  20  1:41  Gateway  
  20  1:45  Probe (Chrono Boost)  
  21  1:55  Probe (Chrono Boost)  
  21  1:58  Cybernetics Core  
  22  2:06  Probe (Chrono Boost)  
  23  2:11  Probe (Chrono Boost)  
  24  2:16  Probe (Chrono Boost)  
  24  2:22  Probe (Chrono Boost)  
  26  2:27  Probe (Chrono Boost)  
  27  2:33  Probe (Chrono Boost)  
  27  2:35  Adept x2  
  32  2:38  Mothership Core (Chrono Boost)  
  34  2:44  Pylon  
  34  2:45  Probe (Chrono Boost)  
  34  2:48  Warp Gate  
  35  2:55  Probe (Chrono Boost)  
  35  2:56  Probe (Chrono Boost)  
  37  3:02  Adept x2 (Chrono Boost)  
  41  3:06  Probe  
  41  3:09  Pylon  
  41  3:11  Probe  
  43  3:18  Probe  
  44  3:22  Pylon  
  44  3:23  Probe  
  45  3:27  Pylon  
  45  3:30  Probe (Chrono Boost), Pylon  
  45  3:42  Probe (Chrono Boost), Stargate  
  45  3:45  Probe (Chrono Boost), Stargate  
  47  3:53  Probe (Chrono Boost)  
  48  3:56  Probe (Chrono Boost)  
  48  4:02  Assimilator  
  45  4:03  Probe (Chrono Boost), Assimilator  
  45  4:06  Probe (Chrono Boost)  
  47  4:11  Forge  
  47  4:14  Probe (Chrono Boost)  
  47  4:17  Probe (Chrono Boost)  
  49  4:24  Probe (Chrono Boost)  
  49  4:27  Probe (Chrono Boost)  
  49  4:29  Phoenix x2 (Chrono Boost)  
  55  4:34  Pylon  
  55  4:35  Probe  
  56  4:39  Probe  
  57  4:48  Probe  
  57  4:51  Phoenix x2 (Chrono Boost)  
  57  4:52  Adept x2  
  64  4:54  Probe  
  65  5:00  Probe  
  65  5:17  Pylon  
  65  5:21  Robotics Facility  
  65  5:26  Protoss Ground Weapons Level 1  
  63  5:29  Probe  
  63  5:32  Probe  
  62  5:38  Adept x2  
  62  5:41  Phoenix x2 (Chrono Boost)  
  70  5:49  Nexus  
  70  5:50  Pylon  
  70  5:54  Pylon  
  70  5:58  Pylon  
  70  6:02  Pylon  
  70  6:08  Probe x2  
  70  6:11  Robotics Bay  
  72  6:14  Robotics Facility  
  72  6:19  Phoenix (Chrono Boost)  
  72  6:20  Probe x2  
  72  6:24  Photon Cannon  
  76  6:31  Observer (Chrono Boost)  
  76  6:32  Probe x2  
  79  6:35  Twilight Council  
  79  6:37  Assimilator  
  79  6:43  Assimilator  
  79  6:44  Probe x2  
  81  6:56  Probe x2  
  81  6:59  Colossus (Chrono Boost)  
  95  7:08  Probe x2  
  95  7:12  Colossus (Chrono Boost)  
  97  7:19  Probe  
  97  7:20  Probe x2  
  100  7:24  Extended Thermal Lance (Chrono Boost)  
  100  7:29  Probe  
  100  7:31  Protoss Ground Weapons Level 2  
  100  7:33  Probe, Gateway  
  100  7:35  Zealot x2  
  100  7:36  Gateway  
  102  7:38  Charge (Chrono Boost)  
  102  7:41  Probe  
  102  7:43  Pylon  
  103  7:48  Pylon  
  103  7:58  Gateway  
  103  8:02  Gateway  
  103  8:04  Gateway  
  103  8:05  Templar Archives  
  103  8:07  Gateway  
  103  8:10  Zealot x2  
  107  8:14  Pylon  
  107  8:19  Warp Prism  
  109  8:22  Photon Cannon  
  109  8:34  Zealot x4  
  109  8:35  Pylon  
  117  8:46  Gateway  
  117  8:47  Pylon  
  99  8:56  High Templar x2  
  99  8:57  Immortal (Chrono Boost)  
  99  9:01  Immortal (Chrono Boost), Archon  
  99  9:02  High Templar x2  
  107  9:06  Probe  
  107  9:07  Archon  
  110  9:12  Zealot x4  
  118  9:34  Immortal (Chrono Boost)  
  118  9:35  Nexus  
  118  9:38  Pylon  
  126  9:39  Pylon  
  126  9:44  Immortal (Chrono Boost)  
  126  9:45  Void Ray (Chrono Boost)  
  126  9:48  Void Ray (Chrono Boost)  
  126  9:52  Zealot x2  
  136  9:57  Zealot x2  
  140  10:02  Zealot x2  
  142  10:16  Immortal  
  142  10:19  Photon Cannon  
  144  10:22  Gateway  
  144  10:23  Gateway  
  144  10:25  Probe, Protoss Ground Weapons Level 3  
  145  10:29  High Templar  
  145  10:30  High Templar x2  
  145  10:31  Probe, High Templar  
  145  10:33  Probe  
  145  10:34  Archon  
  145  10:35  Archon  
  155  10:41  Zealot x3  
  161  10:46  Immortal  
  153  10:57  Void Ray (Chrono Boost)  
  153  11:02  Probe  
  153  11:03  Probe x2  
  160  11:08  Void Ray (Chrono Boost)  
  160  11:10  Warp Prism  
  162  11:13  Dark Shrine  
  162  11:20  Zealot x2, High Templar x2  
  162  11:24  Archon  
  170  11:32  Immortal  
  170  11:34  Assimilator  
  170  11:36  Assimilator  
  171  11:40  Probe  
  171  11:44  Fleet Beacon  
  169  11:48  Zealot x3  
  175  11:55  Immortal  
  179  12:03  Probe  
  180  12:10  Pylon, High Templar  
  180  12:11  High Templar x3  
  180  12:12  Pylon  
  180  12:15  Pylon  
  188  12:19  Pylon  
  188  12:28  Pylon  
  188  12:29  Pylon  
  188  12:32  Tempest (Chrono Boost)  
  196  12:38  Tempest (Chrono Boost)  
  196  12:42  Stalker x2  
  200  12:56  Zealot  
  200  12:57  Zealot x3  
  198  13:01  Dark Templar  
  200  13:10  Dark Templar, Zealot  
  199  13:13  Tempest (Chrono Boost)  
  199  13:19  Dark Templar  
  200  13:26  Psionic Storm  
  200  13:31  Tempest (Chrono Boost)  
  200  13:32  Dark Templar x2, Zealot  
  196  13:47  Dark Templar, Zealot x3  
  193  13:52  Tempest (Chrono Boost)  
  197  14:00  Dark Templar, Zealot  
  197  14:03  Probe x2  
  197  14:04  Probe  
  197  14:05  Probe  
  196  14:16  Tempest (Chrono Boost), Zealot x2  
  199  14:22  Anion Pulse-Crystals  
  197  14:29  Dark Templar, Zealot  
  197  14:30  Zealot  
  171  14:43  Zealot x2, Archon  
  171  14:44  Zealot x3  
  169  14:50  Zealot  
  169  14:51  Zealot  
  147  14:53  Probe x2  
  129  15:02  Dark Templar  
  129  15:04  Dark Templar  
  129  15:05  Zealot x3  
  135  15:11  Assimilator  
  135  15:13  Phoenix x2 (Chrono Boost)  
  127  15:23  Pylon  
  127  15:24  Pylon  
  127  15:27  Pylon  
  127  15:33  Stalker x3  
  127  15:35  Phoenix x2 (Chrono Boost)  
  101  15:45  Stalker  
  101  15:46  Archon  
  101  15:47  Archon  
  90  15:55  Stalker x2  
  90  15:56  Stalker  
Show
View Real Time Build Order
Export as new Build Order

SortOf Zerg - Winner!

Build Orders: 3 Hatch before Pool 

Get SALT Encoding   

  12  0:00  Drone  
  13  0:12  Overlord  
  13  0:17  Drone  
  14  0:30  Drone x2  
  14  0:35  Drone  
  17  0:45  Drone  
  18  0:56  Drone  
  19  1:04  Hatchery  
  19  1:06  Drone  
  19  1:23  Hatchery  
  18  1:29  Drone x2  
  20  1:33  Extractor  
  19  1:46  Spawning Pool  
  18  1:47  Drone  
  18  1:51  Drone  
  20  2:01  Drone  
  21  2:11  Overlord  
  21  2:16  Drone  
  21  2:22  Drone  
  23  2:27  Drone  
  24  2:32  Drone  
  24  2:34  Queen  
  24  2:35  Metabolic Boost  
  27  2:37  Drone  
  27  2:39  Queen  
  27  2:42  Drone  
  31  2:46  Drone  
  31  2:48  Drone  
  31  2:49  Drone  
  34  2:53  Overlord  
  34  2:59  Queen  
  34  3:02  Zergling x2  
  34  3:03  Zergling x2  
  39  3:05  Zergling x2  
  39  3:09  Zergling x2  
  40  3:16  Queen  
  40  3:17  Spine Crawler  
  40  3:18  Zergling x2  
  42  3:23  Evolution Chamber, Drone  
  42  3:24  Drone  
  43  3:29  Drone  
  43  3:30  Drone  
  44  3:35  Overlord  
  44  3:38  Drone x2  
  46  3:47  Drone  
  47  3:53  Overlord  
  47  3:54  Drone x2, Extractor  
  47  3:55  Roach Warren  
  45  3:56  Drone  
  45  3:57  Drone  
  45  4:06  Zergling x8  
  49  4:11  Overlord  
  49  4:12  Drone  
  50  4:23  Drone x3  
  53  4:26  Lair  
  53  4:32  Drone x2  
  53  4:33  Drone x3  
  53  4:34  Drone  
  59  4:42  Roach  
  59  4:43  Roach  
  63  4:50  Drone  
  64  4:53  Drone x3  
  64  4:57  Overlord  
  64  4:58  Drone x2  
  64  4:59  Overlord x2  
  69  5:02  Overlord  
  68  5:10  Overlord  
  65  5:14  Overlord  
  65  5:17  Zerg Melee Weapons Level 1  
  65  5:18  Drone x4, Extractor  
  65  5:19  Drone x2  
  65  5:20  Drone x2  
  72  5:26  Drone, Spore Crawler  
  72  5:28  Spore Crawler  
  69  5:30  Drone x4  
  69  5:31  Drone  
  72  5:39  Extractor  
  72  5:40  Spire  
  72  5:42  Drone  
  71  5:43  Spore Crawler  
  71  5:46  Drone x4, Extractor x2  
  72  5:54  Drone x2  
  72  5:55  Drone  
  72  5:56  Infestation Pit, Queen  
  76  6:00  Queen  
  78  6:05  Queen  
  78  6:06  Overlord  
  80  6:14  Drone x2  
  80  6:15  Drone x3  
  82  6:21  Evolution Chamber, Drone  
  82  6:22  Drone x3  
  83  6:28  Hatchery  
  82  6:33  Hive  
  82  6:34  Drone  
  82  6:37  Zergling x8  
  87  6:40  Queen  
  87  6:43  Overlord  
  89  6:50  Drone x2  
  89  6:51  Overlord x2  
  89  6:56  Corruptor  
  89  6:57  Corruptor  
  89  7:00  Zergling x6  
  96  7:12  Zergling x2, Queen  
  99  7:16  Queen  
  99  7:25  Zergling x2  
  99  7:26  Zergling x24  
  99  7:27  Zerg Ground Armor Level 1  
  99  7:28  Ravager x2  
  99  7:29  Zerg Melee Weapons Level 2  
  109  7:45  Adrenal Glands  
  109  7:46  Ultralisk Cavern, Greater Spire  
  109  7:47  Overseer  
  109  7:50  Drone x4  
  109  7:51  Drone x3  
  114  8:03  Drone x3  
  117  8:13  Viper x2, Extractor  
  117  8:17  Zergling x16  
  117  8:19  Queen  
  130  8:24  Drone x3  
  130  8:25  Spore Crawler  
  131  8:35  Overlord x3  
  131  8:55  Ultralisk x4  
  155  9:00  Chitinous Plating  
  155  9:02  Drone x5  
  160  9:06  Extractor  
  160  9:07  Overlord  
  159  9:13  Brood Lord  
  159  9:14  Drone x2  
  159  9:15  Overlord x2  
  158  9:19  Hatchery  
  157  9:27  Ultralisk  
  163  9:32  Overlord  
  163  9:34  Corruptor  
  163  9:35  Corruptor x2  
  163  9:38  Overlord  
  167  9:52  Corruptor  
  167  9:53  Corruptor x2  
  167  9:55  Overseer  
  167  9:56  Queen  
  167  9:59  Zergling x2  
  178  10:00  Zergling x16  
  178  10:04  Nydus Network  
  182  10:13  Overlord  
  182  10:20  Drone x2  
  184  10:24  Overlord x2  
  184  10:25  Overlord  
  184  10:27  Pneumatized Carapace  
  183  10:28  Zerg Ground Armor Level 2  
  183  10:31  Zerg Melee Weapons Level 3  
  183  10:34  Drone  
  183  10:35  Drone x5  
  187  10:50  Drone x3  
  189  11:00  Spore Crawler  
  189  11:01  Spine Crawler  
  189  11:03  Extractor  
  196  11:04  Brood Lord x4  
  196  11:05  Brood Lord  
  196  11:09  Extractor  
  195  11:11  Spine Crawler  
  195  11:12  Nydus Canal  
  195  11:14  Zergling x10  
  199  11:37  Zerg Flyer Weapons Level 1  
  199  11:39  Spire  
  197  11:43  Nydus Canal  
  197  11:47  Zergling x6  
  198  11:53  Overseer  
  199  12:26  Overlord  
  193  12:34  Corruptor  
  193  12:35  Corruptor x2  
  199  12:44  Spine Crawler  
  199  12:45  Spine Crawler  
  199  12:48  Nydus Canal  
  199  12:49  Overlord x2  
  197  12:51  Hatchery  
  197  12:52  Overlord  
  197  12:56  Zergling x8  
  200  13:09  Nydus Canal  
  197  13:19  Overlord  
  195  13:21  Zergling x12  
  197  13:32  Corruptor  
  199  13:38  Zergling x8  
  199  13:40  Overseer, Zergling x2  
  200  13:43  Spire  
  194  13:53  Corruptor x2  
  194  13:54  Corruptor x2  
  200  13:56  Zergling x4  
  200  13:58  Zergling x4  
  192  14:16  Corruptor x3  
  187  14:18  Zergling x24  
  196  14:31  Hydralisk Den  
  152  14:43  Mutalisk  
  152  14:44  Mutalisk x22  
  182  14:50  Mutalisk x5  
  182  14:51  Queen x3  
  172  14:54  Zergling x2  
  172  14:55  Overseer  
  161  15:00  Hydralisk  
  161  15:01  Spire, Zergling x2  
  161  15:05  Zergling x8  
  158  15:08  Zergling x4  
  158  15:12  Queen  
  157  15:15  Zergling x8  
  157  15:18  Zergling x4  
  157  15:19  Zergling x4  
  157  15:20  Overseer x4, Zergling x2  
  166  15:22  Viper x2  
  166  15:26  Zergling x2  
  173  15:34  Zergling x8  
  171  15:38  Zergling x12  
  166  15:45  Zergling x2  
  166  15:46  Zergling x4  

Tags
 
Add a new tag
Caveats
  • Supply blocks, unpowered buildings, or Contaminate may cause inaccurate times.
  • Supply counts are checked every 10 seconds.